 Dungeon Crawl Stone Soup version 0.26-a0-546-g3c2127501a (webtiles) character file.

Game seed: 4956875354388286430

181 Errates the Digger (level 5, -2/28 HPs)
             Began as a Gargoyle Earth Elementalist on Aug 19, 2020.
             Slain by a gnoll
             ... wielding a +0 spear
              (5 damage)
             ... on level 4 of the Dungeon.
             The game lasted 00:05:01 (3351 turns).

Errates the Digger (Gargoyle Earth Elementalist)    Turns: 3351, Time: 00:05:02

Health: -2/28      AC:  7    Str: 12    XL:     5   Next: 61%
Magic:  10/10      EV: 12    Int: 16    God:
Gold:   189        SH:  0    Dex: 16    Spells: 7/11 levels left

rFire    . . .     SeeInvis .   k - +2 dagger (drain)
rCold    . . .     Faith    .   (no shield)
rNeg     + . .     Spirit   .   c - +1 robe
rPois    ∞         Reflect  .   (no helmet)
rElec    +         Harm     .   j - scarf {repulsion}
rCorr    .                      (no gloves)
MR       .....                  (no boots)
Stlth    ++........             f - amulet of magic regeneration
HPRegen  0.09/turn              h - +6 ring of dexterity
MPRegen  0.37/turn              (no ring)

@: berserk cooldown, repel missiles
A: negative energy resistance 1, electricity resistance, unbreathing,
petrification resistance, rot immunity, AC +4
a: no special abilities


You were on level 4 of the Dungeon.
You visited 1 branch of the dungeon, and saw 4 of its levels.

You collected 189 gold pieces.

Inventory:

Hand Weapons
 a - a +0 short sword
 d - a +0 flail
 k - a +2 dagger of draining (weapon)
Missiles
 b - 79 stones (quivered)
Armour
 c - a +1 robe (worn)
 j - a scarf of repulsion (worn)
Jewellery
 f - an amulet of magic regeneration (around neck)
 h - a +6 ring of dexterity (left hand)
Wands
 p - a wand of polymorph (11)
Scrolls
 l - 3 scrolls of enchant armour
 q - a scroll of remove curse
Potions
 e - a potion of experience


   Skills:
 - Level 1.5 Dodging
 - Level 2.1 Stealth
 + Level 3.5 Spellcasting
 + Level 2.5 Conjurations
   Level 0.7 Transmutations
 + Level 5.3 Earth Magic


You had 7 spell levels left.
You knew the following spells:

 Your Spells              Type           Power        Failure   Level
a - Sandblast             Erth           ###...       1%          1
b - Stone Arrow           Conj/Erth      ###...       11%         3

Your spell library contained the following spells:

 Spells                   Type           Power        Failure   Level
 Passwall                 Tmut/Erth      ##......     8%          2
 Petrify                  Tmut/Erth      ##......     45%         4
 Lee's Rapid Deconstruct  Erth           ###.......   50%         5


Dungeon Overview and Level Annotations

Branches:
Dungeon (4/15)
 Temple: D:4-7

Altars:
Trog


Innate Abilities, Weirdness & Mutations

You are resistant to torment.
Your stone body is resilient. (AC +4)
You are immune to poison.
You resist negative energy. (rN+)
You are resistant to electric shocks. (rElec)
You can survive without breathing.
You are immune to petrification.
You are immune to rotting.


Message History

You are exhausted.
You feel yourself slow down.
It was a potion of lignification.
You turn into a tree.
Your scarf of repulsion melds into your body.
Your +1 robe melds into your body.
The haze of the repulsion field disappears.
Your roots penetrate the ground.
It was a potion of flight.
Your roots keep you in place.
The gnoll hits you but does no damage. x2
An orc wizard comes into view. It is wielding a +0 dagger.
It was a potion of cancellation.
Your magical effects are unravelling.
You feel magically purged.
You feel less wooden.
Your scarf of repulsion unmelds from your body.
Your +1 robe unmelds from your body.
You are surrounded by a repulsion field.
You feel yourself speed up.
You feel less ready to backstab.
The gnoll hits you from afar with a +0 spear.
You die...

##_# #..# #.#
##..### #oo# #.#
#.#...# #..# #.#
#..#..# #..# #.#
##..#.# #..# #g#
##..## #..# #.#
##.#..######..# #.#
#...#.#.....g.####.#
#.#...#.####@.g..).#
##.#.##.# #########
##.###.# #.#.#.#
#...#.# #### ###.#.#
#.. #.#.# ##.###
#.#.# #.....
#.#.#####..#


You could see an orc priest (wandering), an orc wizard (wandering) and 2 gnolls.

Vanquished Creatures
  A gnoll shaman (D:4)
  A worker ant (D:3)
  4 gnolls
  2 adders (D:2)
  A worm (D:2)
  4 dart slugs
  2 leopard geckos
  An orc (D:3)
  9 bats
  3 giant cockroaches
  3 goblins
  9 hobgoblins
  10 kobolds
  2 quokkas (D:3)
  A ball python (D:2)
  2 frilled lizards (D:2)
  6 rats
61 creatures vanquished.

Notes
Turn   | Place    | Note
-------+----------+-------------------------------------------
     0 | D:1      | Errates the Gargoyle Earth Elementalist began the quest for
                  | the Orb.
     0 | D:1      | Reached XP level 1. HP: 10/10 MP: 3/3
   119 | D:1      | Reached XP level 2. HP: 15/15 MP: 5/5
   142 | D:1      | Reached skill level 4 in Earth Magic
   506 | D:1      | Reached XP level 3. HP: 15/19 MP: 6/6
   511 | D:1      | Learned a level 3 spell: Stone Arrow
  1154 | D:2      | Reached skill level 1 in Conjurations
  1682 | D:2      | Reached XP level 4. HP: 17/24 MP: 8/8
  2545 | D:3      | Reached skill level 5 in Earth Magic
  2609 | D:3      | Reached XP level 5. HP: 28/28 MP: 6/9
  3267 | D:4      | Found a bloodstained altar of Trog.
  3351 | D:4      | Slain by a gnoll

Illustrated notes

Levels and vault maps discovered:
D:1:      nicolae_arrival_washed_ashore, layout_basic
D:2:      layout_basic
D:3:      layout_basic, kennysheep_generic_room_15
D:4:      layout_loops_ring, marbit_many_paths

Skill      XL: |  1  2  3  4 |
---------------+-------------+-----
Earth Magic    | 4 5 |  5.3
Conjurations   | 1 2 |  2.5
Spellcasting   | 3 |  3.5
Dodging        | |  1.5
Stealth        | |  2.1
Transmutations | |  0.7

Action                   |  1- 3 |  4- 6 || total
-------------------------+-------+-------++-------
Melee: Short sword       |   119 |       ||   119
       Unarmed           |     4 |       ||     4
       Dagger            |       |    58 ||    58
 Cast: Sandblast         |     5 |    14 ||    19
  Use: Scroll            |       |     6 ||     6
       Potion            |       |     5 ||     5
 Stab: Sleeping          |     5 |     9 ||    14
Armor: Robe              |    48 |    14 ||    62
       Skin              |       |     2 ||     2
Dodge: Dodged            |    95 |    37 ||   132

Table legend: (Time is in decaauts)
 A = Elapsed time spent in this place.
 B = Non-inter-level travel time spent in this place.
 C = Inter-level travel time spent in this place.
 D = Time resting spent in this place.
 E = Time spent auto-exploring this place.
 F = Levels seen in this place.
 G = Mean time per level.
                   A        B        C        D        E       F      G
               +--------+--------+--------+--------+--------+-----+--------+
         Total |   3359 |   3239 |    120 |     44 |   2613 |   4 |  839.8 |
       Dungeon |   3359 |   3239 |    120 |     44 |   2613 |   4 |  839.8 |
               +--------+--------+--------+--------+--------+-----+--------+

Top non-repeatable levels by time:
     D:2: 1161 daAuts
     D:3: 1159 daAuts
     D:1: 922 daAuts
     D:4: 115 daAuts
